 Dungeon Crawl Stone Soup version 0.17.0-28-g6e173f8 (console) character file.

307 Kloppie the Skirmisher (level 6, 0/91 HPs)
             Began as an Ogre Gladiator on Dec 1, 2015.
             Was a Follower of Elyvilon.
             Succumbed to a scorpion's poison
             ... on level 4 of the Dungeon.
             The game lasted 00:06:12 (3947 turns).

Kloppie the Skirmisher (Ogre Gladiator)             Turns: 3947, Time: 00:06:12

Health: 0/91       AC: 23    Str: 23    XL:     6   Next: 40%
Magic:  6/6        EV:  1    Int:  7    God:    Elyvilon [*.....]
Gold:   185        SH:  0    Dex: 17    Spells: 0 memorised, 5 levels left

rFire  . . .     SeeInvis .     a - +0 flail
rCold  . . .     Clarity  .     (armour currently unavailable)
rNeg   + + +     SustAt   .     (no shield)
rPois  +         Gourm    .     (helmet currently unavailable)
rElec  .         Spirit   .     (cloak currently unavailable)
rCorr  .         Warding  .     (gloves unavailable)
rMut   .         NoTele   +     (boots unavailable)
MR     +....                    (no amulet)
Stlth  +++.......               (no ring)
                                (no ring)

@: agile, lethally poisoned (0 -> -2), tree-form, somewhat resistant to hostile
enchantments, fairly stealthy
A: unfitting armour, frail 1, magic resistance 1, strong 1, (tough skin 0)
a: Lesser Healing, Divine Protection, Renounce Religion


You were on level 4 of the Dungeon.
You worshipped Elyvilon.
Elyvilon was aware of your devotion.
You were not hungry.
You were a tree.
You visited 1 branch of the dungeon, and saw 4 of its levels.

You collected 185 gold pieces.

Inventory:

Hand Weapons
 a - a +0 flail (weapon)
Missiles
 d - 3 throwing nets
 j - 134 stones
 y - 5 tomahawks of returning (quivered)
Armour
 b - a +0 robe (melded)
 c - a +0 hat (melded)
Jewellery
 l - a +1 ring of protection {unknown}
 D - a cursed -2 ring of intelligence {unknown}
Wands
 i - a wand of flame (10)
Scrolls
 f - 2 scrolls of fear {unknown}
 g - a scroll of recharging {unknown}
 h - a scroll of teleportation {unknown}
 p - 6 scrolls of identify {unknown}
 q - a scroll of enchant armour {unknown}
 t - a scroll of remove curse {unknown}
 w - 3 scrolls of magic mapping {unknown}
 x - a scroll of immolation {unknown}
 z - a scroll of blinking {unknown}
Potions
 k - a potion of lignification
 n - 4 potions of mutation
 r - 2 potions of cancellation
 s - a potion of flight {unknown}
 u - a potion of cure mutation {unknown}
 v - a potion of agility
 A - a potion of brilliance {unknown}
 B - a potion of curing {unknown}
 C - a potion of magic {unknown}
Comestibles
 e - 2 bread rations
 m - 2 beef jerkies
 o - 2 meat rations


   Skills:
 + Level 6.8 Fighting
 + Level 6.7 Maces & Flails
 - Level 2.0 Throwing
 - Level 2.6 Dodging


You had 5 spell levels left.
You didn't know any spells.

Dungeon Overview and Level Annotations

Branches:
Dungeon (4/15)
 Temple: D:4-7

Altars:
Elyvilon
Sif Muna


Innate Abilities, Weirdness & Mutations

You are too large for most types of armour.
((You have tough skin (AC +1).))
You are frail (-10% HP).
You are resistant to hostile enchantments.
Your muscles are strong. (Str +2)


Message History

* * * LOW HITPOINT WARNING * * *
You feel sick.
Drink which item? (? for menu, Esc to quit)
It was a potion of mutation.
You feel extremely strange.
You feel frail.
You feel resistant to hostile enchantments.
You feel stronger.
Drink which item? (? for menu, Esc to quit)
It was a potion of cancellation.
You feel magically purged.
* * * LOW HITPOINT WARNING * * *
You feel sick. The ogre barely misses you.
Drink which item? (? for menu, Esc to quit)
It was a potion of lignification.
You turn into a tree.
Your +0 hat melds into your body.
Your +0 robe melds into your body.
Your roots penetrate the ground.
The ogre hits you with a giant club.
* * * LOW HITPOINT WARNING * * *
Drink which item? (? for menu, Esc to quit)
It was a potion of agility.
You feel agile all of a sudden.
You die...

... ####.###.#
..#.##.....#.# ###.#.
#.......# #....
#........ #########.#.#
#........ #.........#.#
##..##...
#...$.......#####<.##...
#.......##.........##...
#......♣#........#.##...
#####.#O#........#.##...
#.#s#............... #
#.#........#.#####
#.##.......#.#
#............#
....#.#####..... ..>...
.##### ....(. ...


You could see an ogre and a giant cockroach.

Vanquished Creatures
  2 scorpions
  2 orc wizards (D:3)
  7 adders
  An ooze (D:2)
  3 worms (D:2)
  2 giant geckos
  7 orcs (D:3)
  A ball python (D:3)
  3 giant cockroaches
  16 goblins
  9 hobgoblins
  2 jackals (D:1)
  3 kobolds
  11 bats
  5 giant newts
  A quokka skeleton (D:4)
  11 rats
86 creatures vanquished.

Notes
Turn   | Place    | Note
--------------------------------------------------------------
     0 | D:1      | Kloppie the Ogre Gladiator began the quest for the Orb.
     0 | D:1      | Reached XP level 1. HP: 22/22 MP: 1/1
   201 | D:1      | Reached XP level 2. HP: 29/31 MP: 2/2
   816 | D:1      | Reached XP level 3. HP: 26/39 MP: 3/3
  1457 | D:2      | Reached XP level 4. HP: 28/49 MP: 4/4
  1650 | D:2      | Reached skill level 5 in Maces & Flails
  1706 | D:2      | Reached skill level 5 in Fighting
  1953 | D:2      | Found a deep blue altar of Sif Muna.
  2084 | D:2      | Found a white marble altar of Elyvilon.
  2087 | D:2      | Became a worshipper of Elyvilon the Healer
  2544 | D:3      | Reached XP level 5. HP: 14/57 MP: 5/5
  3045 | D:3      | Reached skill level 6 in Maces & Flails
  3190 | D:3      | Reached XP level 6. HP: 23/68 MP: 6/6
  3899 | D:4      | Reached * piety under Elyvilon
  3942 | D:4      | HP: 3/68 [ogre/giant club (15)]
  3944 | D:4      | Gained mutation: You are frail (-10% HP). [potion of mutation]
  3944 | D:4      | Gained mutation: You are resistant to hostile enchantments. [potion of mutation]
  3944 | D:4      | Gained mutation: Your muscles are strong. (Str +2) [potion of mutation]
  3946 | D:4      | HP: 1/91 [ogre/giant club (2)]
  3947 | D:4      | Succumbed to a scorpion's poison

Action                   |  1- 3 |  4- 6 || total
-------------------------+-------+-------++-------
Melee: Flail             |    96 |   183 ||   279
Throw: Stone             |    31 |     4 ||    35
  Use: Potion            |     2 |     4 ||     6
 Stab: Sleeping          |     1 |     2 ||     3
  Eat: Chunk             |     2 |     8 ||    10
